 Dungeon Crawl Stone Soup version 0.21.1-1-g345015f (webtiles) character file.

339 Mgcat the Skirmisher (level 6, 0/40 HPs)
             Began as a Gargoyle Gladiator on Feb 13, 2018.
             Killed from afar by an orc wizard (5 damage)
             ... with a magic dart
             ... on level 4 of the Dungeon.
             The game lasted 00:07:30 (2759 turns).

Mgcat the Skirmisher (Gargoyle Gladiator)           Turns: 2759, Time: 00:07:31

Health: 0/40       AC:  8    Str: 17    XL:     6   Next: 55%
Magic:  6/6        EV: 11    Int:  5    God:
Gold:   111        SH:  3    Dex: 13    Spells: 5/5 levels left

rFire    . . .     SeeInvis .   a - +0 war axe
rCold    . . .     Gourm    .   u - +0 buckler
rNeg     + . .     Faith    .   b - +0 leather armour
rPois    ∞         Spirit   .   c - +0 helmet
rElec    +         Reflect  .   (no cloak)
rCorr    .         Harm     .   (no gloves)
MR       .....                  (no boots)
Stlth    +.........             g - amulet of magic regeneration
HPRegen  0.13/turn              m - -4 ring of intelligence (curse)
MPRegen  0.35/turn              (no ring)

@: no status effects
A: negative energy resistance 1, electricity resistance, unbreathing,
petrification resistance, rot immunity, AC +4
a: no special abilities


You were on level 4 of the Dungeon.
You were hungry.

You visited 1 branch of the dungeon, and saw 4 of its levels.

You collected 111 gold pieces.

Inventory:

Hand Weapons
 a - a +0 war axe (weapon)
Missiles
 d - 3 throwing nets {=f, !d}
Armour
 b - a +0 leather armour (worn)
 c - a +0 helmet (worn)
 u - a +0 buckler (worn)
   (You found it on level 3 of the Dungeon)
Jewellery
 g - an amulet of magic regeneration (around neck)
   (You found it on level 1 of the Dungeon)
 m - a cursed -4 ring of intelligence (left hand)
   (You found it on level 1 of the Dungeon)
Scrolls
 e - a scroll of noise {unknown}
 j - a scroll of immolation {unknown}
 k - 3 scrolls of teleportation {unknown}
 l - a scroll of identify {unknown}
 o - a scroll of random uselessness {unknown}
 p - a scroll of remove curse {unknown}
 q - a scroll of fear {unknown}
 t - a scroll of fog {unknown}
 v - a scroll of amnesia {unknown}
 w - a scroll of enchant weapon {unknown}
Potions
 h - 2 potions of heal wounds {unknown}
 n - a potion of might {unknown}
 r - a potion of cancellation {unknown}
 s - a potion of flight {unknown}
Comestibles
 f - 15 rations
 i - 4 chunks of flesh {@w0}


   Skills:
 + Level 5.4 Fighting
 + Level 4.9 Axes
 - Level 1.7 Throwing
 - Level 2.4 Dodging


You had 5 spell levels left.
You didn't know any spells.

Dungeon Overview and Level Annotations

Branches:
Dungeon (4/15)             Temple (0/1) D:4

Altars:
Makhleb
Okawaru
Qazlal
Uskayaw
Xom


Innate Abilities, Weirdness & Mutations

You are resistant to torment.
Your stone body is resilient. (AC +4)
You are immune to poison.
You resist negative energy. (rN+)
You are resistant to electric shocks. (rElec)
You can survive without breathing.
You are immune to petrification.
You are immune to rotting.


Message History

The sky beast is moderately wounded.
You hit the orc wizard. The orc wizard closely misses you.
The orc wizard casts a spell.
The orc wizard flickers and vanishes!
The sky beast completely misses you. The orc wizard barely misses you.
Something hits you but does no damage.
You closely miss the sky beast.
The sky beast is moderately wounded.
You hit the orc wizard but do no damage.
Your shield and leather armour prevent you from hitting something.
The orc wizard hits you but does no damage.
The sky beast hits you. The sky beast shocks you. You resist.
Something hits you but does no damage. The orc wizard casts a spell at you.
The magic dart hits you!
The sky beast hits you but does no damage.
The shadow imp spits at you.
You hit the sky beast.
The sky beast is heavily wounded.
You hit the orc wizard. You hit something but do no damage.
The orc wizard hits you but does no damage.
You hear some strange, mumbled words.
Something tries to affect you, but you resist.
The orc wizard barely misses you.
The sky beast flickers out of sight!
Something hits you but does no damage. x2
You hit the orc wizard.
You kill the orc wizard!
You hit something but do no damage. You hit something. Something hits you.
Something shocks you. You resist. Something hits you but does no damage.
Something hits you.
You miss something. You closely miss something. You completely miss something.
Something hits you but does no damage. x3; Something completely misses you.
You miss something. x2; You barely miss something.
Something hits you. x2
Something hits you but does no damage.
You hear some strange, mumbled words.
A magic dart appears from out of thin air!
The magic dart hits you!
You are too injured to fight recklessly!
You are too injured to fight recklessly!
You are too injured to fight recklessly!
You are too injured to fight recklessly!
You miss something. x2; You hit something but do no damage.
You hear some strange, mumbled words.
A magic dart appears from out of thin air!
The magic dart hits you! Something hits you but does no damage.
You hear some strange, mumbled words.
A magic dart appears from out of thin air!
The magic dart hits you! Something hits you but does no damage.
You miss something. You hit something. You miss something.
Something hits you but does no damage.
You hear some strange, mumbled words.
Something tries to affect you, but you resist.
Something hits you but does no damage.
A sky beast appears from thin air!
Reactivating autopickup.
The sky beast closely misses you.
You miss the sky beast.
The sky beast is severely wounded.
You miss something. You hit something.
You are feeling hungry.
Something hits you but does no damage.
Deactivating autopickup; reactivate with Ctrl-A.
Something hits you but does no damage.
The sky beast hits you but does no damage.
The rain has left you waist-deep in water!
Splash!
You fall into the shallow water.
Moving in this stuff is going to be slow.
You hit the sky beast but do no damage.
The sky beast is severely wounded.
You barely miss something. You miss something. Something barely misses you.
Something hits you but does no damage.
The sky beast hits you but does no damage.
Something hits you but does no damage. x2
Your unstable footing causes you to fumble your attack.
The sky beast barely misses you. Something barely misses you.
Something hits you but does no damage.
You closely miss the sky beast.
The sky beast is severely wounded.
You miss something. You completely miss something.
The sky beast flickers out of sight!
Something hits you but does no damage. x4
Your unstable footing causes you to fumble your attack.
Something hits you.
Something hits you but does no damage. x2
Something hits you.
You miss something. x2; You barely miss something.
Something hits you but does no damage. Something hits you.
Something shocks you. You resist.
You hear some strange, mumbled words.
A puff of flame appears from out of thin air!
The puff of flame hits you!
* * * LOW HITPOINT WARNING * * *
Something hits you.
* * * LOW HITPOINT WARNING * * *
Okay, then.
A puff of flame appears from out of thin air!
The puff of flame misses you.
A magic dart appears from out of thin air!
The magic dart hits you!
* * * LOW HITPOINT WARNING * * *
A magic dart appears from out of thin air!
The magic dart hits you!
You die...

#.##########
#... #{# ####
#.# #.# #.#
#.# #.#
#.#######
#.@.....#
#######.# ##
#.# #. #.# #.
#.##########.
#............
#############


There were no monsters in sight!

Vanquished Creatures
  2 orc wizards
  Natasha (twice) (D:2)
  3 worker ants (D:4)
  A worker ant zombie (D:3)
  6 adders
  An adder skeleton (D:4)
  3 worms (D:2)
  2 dart slugs
  3 leopard geckos
  7 orcs
  3 giant cockroaches
  10 goblins
  8 hobgoblins
  7 jackals
  A quokka (D:2)
  4 bats (D:1)
  7 frilled lizards
  5 kobolds
  7 rats
82 creatures vanquished.

Notes
Turn   | Place    | Note
-------+----------+-------------------------------------------
     0 | D:1      | Mgcat the Gargoyle Gladiator began the quest for the Orb.
     0 | D:1      | Reached XP level 1. HP: 12/12 MP: 1/1
   192 | D:1      | Reached XP level 2. HP: 14/18 MP: 2/2
   223 | D:1      | Reached skill level 3 in Axes
   445 | D:1      | Reached skill level 3 in Fighting
   595 | D:1      | Reached XP level 3. HP: 19/23 MP: 3/3
   688 | D:2      | Found a shimmering altar of Xom.
   688 | D:2      | Found an iron altar of Okawaru.
   700 | D:2      | Found a stormy altar of Qazlal.
   700 | D:2      | Found a hide-covered altar of Uskayaw.
   817 | D:2      | Found a burning altar of Makhleb.
  1054 | D:2      | Reached XP level 4. HP: 10/28 MP: 4/4
  1054 | D:2      | HP: 7/28 [adder (3)]
  1497 | D:2      | Noticed Natasha
  1506 | D:2      | Killed Natasha
  1506 | D:2      | Reached skill level 4 in Fighting
  1506 | D:2      | Reached skill level 4 in Axes
  1641 | D:2      | Reached XP level 5. HP: 33/33 MP: 5/5
  1807 | D:2      | Noticed Natasha
  1820 | D:2      | Killed Natasha
  2341 | D:3      | Reached XP level 6. HP: 39/40 MP: 6/6
  2555 | D:4      | Reached skill level 5 in Fighting
  2725 | D:4      | Found a staircase to the Ecumenical Temple.
  2726 | D:4      | Noticed a sky beast
  2745 | D:4      | HP: 5/40 [something/puff of flame (10)]
  2759 | D:4      | Killed from afar by an orc wizard

Skill      XL: |  1  2  3  4  5  6 |
---------------+-------------------+-----
Axes           | 3 4 |  4.9
Fighting       | 3 4 5 |  5.4
Throwing       | |  1.7
Dodging        | |  2.4

Action                   |  1- 3 |  4- 6 || total
-------------------------+-------+-------++-------
Melee: War axe           |   117 |   186 ||   303
  Eat: Chunk             |     1 |     5 ||     6
Armor: Leather armour    |    55 |   105 ||   160
Dodge: Dodged            |    86 |   128 ||   214
Block: Buckler           |       |     5 ||     5

Vault maps used:
D:1:      dpeg_arrival_erosion, hangedman_glass_teeth
D:2:      lemuel_upstairs_altar, grunt_temple_overflow_open, first_ration,
          minmay_misc_feat_roman, minmay_pentomino_u2, uniq_natasha
D:3:      hangedman_decor_clover_reticule
D:4:      minmay_temple_entry_statues_pillars, serial_shops,
          nicolae_shop_crystal

Table legend:
 A = Turns spent in this place as a percentage of turns spent in the entire game.
 B = Non-inter-level travel turns spent in this place as a percentage of non-inter-level travel turns spent in the entire game.
 C = Inter-level travel turns spent in this place as a percentage of turns spent in this place.
 D = Turns resting spent in this place as a percentage of non-inter-level travel turns spent in this place.
 E = Turns spent auto-exploring this place as a percentage of non-inter-level travel turns spent in this place.
 F = Non-inter-level travel turns spent in this place divided by the number of levels of this place that you've seen.
                   A       B       C       D       E      F
               +-------+-------+-------+-------+-------+----------------------
         Total | 100.0 | 100.0 |   2.4 |   0.0 |  79.4 | 673.5
       Dungeon | 100.0 | 100.0 |   2.4 |   0.0 |  79.4 | 673.5
               +-------+-------+-------+-------+-------+----------------------

Table legend:
 A = Kills in this place as a percentage of kills in entire the game.
 B = Kills by you in this place as a percentage of kills by you in the entire game.
 C = Kills by friends in this place as a percentage of kills by friends in the entire game.
 D = Other kills in this place as a percentage of other kills in the entire game.
 E = Experience gained in this place as a percentage of experience gained in the entire game.
 F = Experience gained in this place divided by the number of levels of this place that you have seen.
                   A       B       C       D       E      F
               +-------+-------+-------+-------+-------+----------------------
         Total | 100.0 | 100.0 |   N/A |   N/A | 100.0 | 121.2
       Dungeon | 100.0 | 100.0 |   N/A |   N/A | 100.0 | 121.2
               +-------+-------+-------+-------+-------+----------------------
